 Dungeon Crawl Stone Soup version 0.21.0-37-g46506fa (webtiles) character file.

11837 Inarius the Frost Mage (level 11, -3/80 HPs)
             Began as a Demonspawn Ice Elementalist on Jan 30, 2018.
             Was an Elder of Nemelex Xobeh.
             Engulfed by a cloud of freezing vapour (21 damage)
             ... in an ice cave.
             The game lasted 01:00:38 (18707 turns).

Inarius the Frost Mage (DsIE)                      Turns: 18707, Time: 01:00:39

Health: -3/80      AC: 14    Str:  9    XL:     11   Next: 54%
Magic:  17/17      EV: 13    Int: 19    God:    Nemelex Xobeh [****..]
Gold:   350        SH:  0    Dex: 17    Spells: 3/18 levels left

rFire    + + .     SeeInvis .   P - +3 scimitar (flame)
rCold    . . .     Gourm    .   (no shield)
rNeg     + . .     Faith    +   y - +3 leather armour {rN+}
rPois    .         Spirit   .   I - +2 hat
rElec    .         Reflect  .   A - +2 cloak
rCorr    .         Harm     .   (no gloves)
MR       .....                  t - +0 pair of boots
Stlth    ++........             k - amulet of faith
HPRegen  0.23/turn              h - ring of protection from fire
MPRegen  0.15/turn              M - ring of the Everdark {Wiz Dex+3}

@: about to teleport, very slightly contaminated
A: talons 1, slimy green scales 1, demonic guardian 1, fire resistance 1
a: Triple Draw, Deal Four, Renounce Religion


You were in an ice cave.
You worshipped Nemelex Xobeh.
Nemelex Xobeh was greatly pleased with you.
You were not hungry.

You visited 1 branch of the dungeon, and saw 12 of its levels.
You also visited: Ossuary and Ice Cave.

You collected 912 gold pieces.
You spent 562 gold pieces at shops.

Inventory:

Hand Weapons
 b - a +2 mace of crushing
 g - a +2 dagger of chaos
 P - a +3 scimitar of flaming (weapon)
Armour
 t - a +0 pair of boots (worn)
 y - a +3 leather armour of positive energy (worn)
 A - a +2 cloak (worn)
 H - the -4 pair of gloves "Fyarhitro" {MR++}
   (You found it on level 10 of the Dungeon)

   It affects your resistance to hostile enchantments.
 I - a +2 hat (worn)
Magical Staves
 a - an uncursed staff of cold
 v - an uncursed staff of energy
Jewellery
 h - a ring of protection from fire (left hand)
 k - an amulet of faith (around neck)
 K - an uncursed amulet of regeneration {unknown}
 M - the ring of the Everdark (right hand) {Wiz Dex+3}
   (You bought it in a shop on level 8 of the Dungeon)

   [ring of wizardry]

   It improves your spell success rate.
   It affects your dexterity (+3).
Scrolls
 p - a scroll of fear
 r - 6 scrolls of teleportation
 s - a scroll of identify
 z - 2 scrolls of holy word {unknown}
 C - a scroll of enchant armour
 E - a scroll of torment {unknown}
 F - 3 scrolls of amnesia
 J - a scroll of fog {unknown}
Potions
 d - 7 potions of lignification
 i - a potion of magic
 l - a potion of haste
 m - 3 potions of cancellation
 q - a potion of ambrosia
 w - 8 potions of flight
 B - 2 potions of agility
 D - a potion of brilliance
 O - 5 potions of curing
Miscellaneous
 f - a plain deck of summoning {drawn: 5}
 x - an ornate deck of destruction {drawn: 3}
 N - a plain deck of summoning
Comestibles
 c - 11 rations


   Skills:
 + Level 5.2 Fighting
 - Level 0.7 Long Blades
 - Level 0.6(0.7) Maces & Flails
 - Level 0.1(0.4) Staves
 - Level 3.1 Armour
 - Level 3.0 Dodging
 - Level 1.7 Stealth
 - Level 4.3 Spellcasting
 + Level 3.4 Conjurations
 + Level 3.4 Charms
 - Level 3.0 Summonings
 + Level 0.9 Necromancy
 * Level 12.9 Ice Magic
 + Level 7.4 Invocations


You had 3 spell levels left.
You knew the following spells:

 Your Spells              Type           Power        Failure   Level  Hunger
a - Freeze                Ice            ####         1%          1    None
b - Ozocubu's Armour      Chrm/Ice       #####...     1%          3    ###....
c - Throw Icicle          Conj/Ice       #####...     2%          4    ####...
d - Summon Ice Beast      Ice/Summ       ####....     2%          4    ####...
e - Regeneration          Chrm/Necr      ##........   9%          3    ###....


Dungeon Overview and Level Annotations

Branches:
Dungeon (12/15)            Temple (0/1) D:4            Lair (0/6) D:11
    Orc: D:9-12

Altars:
Dithmenos
Elyvilon
Kikubaaqudgha
Nemelex Xobeh
Ru
Uskayaw
Vehumet

Shops:
D:4 :   D:8 =


Innate Abilities, Weirdness & Mutations

You have sharp toenails.
You are partially covered in slimy green scales. (AC +2)
A weak demonic guardian rushes to your aid.
Your flesh is heat resistant. (rF+)


Message History

You start resting.
You are engulfed in freezing vapours.
Blink to where?
Press: ? - help, Dir - move target cursor You are very lightly contaminated with residual magic.
As you read the scroll of blinking, it crumbles to dust.
An ice devil comes into view.
You feel much better.
You are engulfed in freezing vapours.
Blink to where?
Press: ? - help, Dir - move target cursor
As you read the scroll of blinking, it crumbles to dust.
You are engulfed in freezing vapours.
Okay, then.
Okay, then.
You feel better.
You are engulfed in freezing vapours.
* * * LOW HITPOINT WARNING * * *
As you read the scroll of teleportation, it crumbles to dust.
You feel strangely unstable.
You are engulfed in freezing vapours.
You die...
Your body disappears without a glow.

##..######
##.§....#
####
#.......#
##.....##
#####
#....##
##§.§##
##..##
##§§§§§#
#...##
#4§§§§.##
##...#
#§§§§§§§#
#..##
#@§§##.§#
#...###
##§5#....#
##..#..
#.##.#§§#
#..#..
.#§§##§##
#.....
...§§#§§#
#...##
....§§§§#
#..###
#...#.§§#
##.#.# ...
#§§§# ##....
.
#§§§###....#


You could see an ice devil and a friendly shadow imp.

Vanquished Creatures
  A manticore (D:11)
  An ice statue (IceCv)
  A gargoyle (D:10)
  An ice devil (IceCv)
  2 trolls
  3 hippogriffs
  A wyvern (D:11)
  4 yaks
  A water moccasin (D:10)
  A sky beast (D:11)
  An ice beast (D:7)
  A hornet zombie (D:10)
  2 phantoms
  4 ogres
  5 centaurs
  2 big kobolds
  4 bullfrogs
  A wyvern skeleton (D:6)
  2 scorpions
  13 killer bees
  2 wights (D:10)
  3 howler monkeys
  6 crimson imps
  A bullfrog zombie (D:8)
  3 hounds
  2 centaur zombies
  2 jellies
  4 orc priests
  2 centaur skeletons
  An iguana (D:5)
  A bullfrog skeleton (D:8)
  7 worker ants
  10 orc wizards
  2 hound zombies
  4 mummies (Ossuary)
  4 gnolls
  6 adders
  4 shadow imps
  5 white imps (IceCv)
  2 ufetubi (IceCv)
  An ooze (D:9)
  An adder skeleton (D:4)
  2 adder zombies
  9 worms
  7 dart slugs
  2 leopard geckos
  37 orcs
  A ball python (D:7)
  10 giant cockroaches
  4 goblins
  8 hobgoblins
  11 jackals
  10 kobolds
  5 quokkas
  8 bats
  4 frilled lizards
  A gnoll zombie (Ossuary)
  2 hobgoblin zombies (Ossuary)
  A kobold zombie (Ossuary)
  A quokka skeleton (D:6)
  A quokka zombie (D:7)
  4 rats
252 creatures vanquished.

Vanquished Creatures (collateral kills)
  2 two-headed ogres
  Erica (D:9)
  An unseen horror (D:10)
  An ugly thing (D:11)
  Psyche (D:9)
  Joseph (D:9)
  An ice statue (IceCv)
  7 ice devils (IceCv)
  A hippogriff (D:11)
  4 yaks (D:9)
  A hungry ghost (D:7)
  An orc warrior (D:10)
  A sky beast (D:7)
  2 ogres
  A centaur (D:9)
  A crocodile (D:9)
  Blork the orc (D:6)
  A big kobold (D:10)
  2 bullfrogs
  4 killer bees (D:9)
  8 wights
  A crimson imp (D:6)
  A centaur zombie (D:10)
  An orc wizard (D:5)
  An orc priest (D:10)
  A big kobold zombie (Ossuary)
  4 mummies (Ossuary)
  A gnoll (D:3)
  A white imp (IceCv)
  An ufetubus (IceCv)
  An ooze (D:7)
  2 dart slugs (D:4)
  7 orcs
  A gnoll zombie (Ossuary)
  2 jackals (D:9)
  9 kobolds
  A bat (D:7)
  A hobgoblin zombie (Ossuary)
  An orc zombie (Ossuary)
80 creatures vanquished.

Vanquished Creatures (others)
  A reaper (IceCv)
  A wolf (D:9)
  A big kobold (D:9)
  A howler monkey (D:9)
  An orc wizard (D:7)
  3 gnolls (D:7)
  3 white imps (IceCv)
  7 ufetubi (IceCv)
  2 kobolds (D:9)
  A plant (D:3)
21 creatures vanquished.

Grand Total: 353 creatures vanquished

Notes
Turn   | Place    | Note
-------+----------+-------------------------------------------
     0 | D:1      | Inarius the Demonspawn Ice Elementalist began the quest for the Orb.
     0 | D:1      | Reached XP level 1. HP: 13/13 MP: 3/3
    24 | D:1      | Reached skill level 3 in Ice Magic
    34 | D:1      | Gained mutation: You are partially covered in slimy green scales. (AC +2) [demonic ancestry]
    34 | D:1      | Reached XP level 2. HP: 2/20 MP: 0/5
   983 | D:1      | Gained mutation: You have sharp toenails. [demonic ancestry]
   983 | D:1      | Reached XP level 3. HP: 25/25 MP: 4/6
  2244 | D:3      | Noticed a bullfrog
  2267 | D:2      | Killed a bullfrog
  2267 | D:2      | Reached skill level 4 in Ice Magic
  2267 | D:2      | Gained mutation: A weak demonic guardian rushes to your aid. [demonic ancestry]
  2267 | D:2      | Reached XP level 4. HP: 16/31 MP: 0/8
  2522 | D:3      | Learned a level 3 spell: Ozocubu's Armour
  2527 | D:3      | Learned a level 4 spell: Throw Icicle
  2562 | D:3      | Reached XP level 5. HP: 30/36 MP: 5/9
  2702 | D:3      | Found a white marble altar of Elyvilon.
  3580 | D:4      | Reached skill level 1 in Fighting
  3654 | D:4      | Found an ancient bone altar of Kikubaaqudgha.
  3730 | D:4      | Reached skill level 1 in Armour
  3730 | D:4      | Reached XP level 6. HP: 35/43 MP: 6/11
  3908 | D:4      | Found Meimo's Book Shop.
  3916 | D:4      | Reached skill level 5 in Ice Magic
  4642 | D:4      | Found a staircase to the Ecumenical Temple.
  4941 | D:5      | Entered Level 5 of the Dungeon
  5513 | D:5      | Found a sand-covered staircase.
  5522 | Ossuary  | Entered an ossuary
  5551 | Ossuary  | Learned a level 4 spell: Summon Ice Beast
  5561 | Ossuary  | Reached XP level 7. HP: 48/48 MP: 5/13
  7071 | D:6      | Noticed Blork the orc
  7075 | D:6      | Killed Blork the orc
  7266 | D:6      | Reached skill level 6 in Ice Magic
  7416 | D:6      | Reached skill level 1 in Charms
  7523 | D:6      | Gained mutation: Your flesh is heat resistant. (rF+) [demonic ancestry]
  7523 | D:6      | Reached XP level 8. HP: 47/56 MP: 11/14
  7842 | D:6      | Found a sparkling altar of Nemelex Xobeh.
  7850 | D:6      | Became a worshipper of Nemelex Xobeh the Trickster
  7862 | D:6      | Reached skill level 7 in Ice Magic
  7895 | D:6      | Received a gift from Nemelex Xobeh
  8005 | D:6      | Learned a level 3 spell: Regeneration
  8517 | D:7      | Reached skill level 8 in Ice Magic
  8891 | D:7      | Reached skill level 1 in Invocations
  9082 | D:7      | Received a gift from Nemelex Xobeh
  9175 | D:6      | Reached XP level 9. HP: 20/62 MP: 6/15
  9743 | D:7      | Reached * piety under Nemelex Xobeh
 10358 | D:8      | Received a gift from Nemelex Xobeh
 10680 | D:8      | Received a gift from Nemelex Xobeh
 10720 | D:8      | Found Miodapren's Jewellery Boutique.
 10727 | D:8      | Bought the ring of the Everdark {Wiz Dex+3} for 562 gold pieces
 10741 | D:8      | Noticed a two-headed ogre
 10754 | D:8      | Killed a two-headed ogre
 10754 | D:8      | Reached skill level 9 in Ice Magic
 11002 | D:9      | Noticed Joseph
 11011 | D:9      | Killed Joseph
 11104 | D:9      | Reached skill level 10 in Ice Magic
 11108 | D:9      | Reached skill level 5 in Invocations
 11111 | D:9      | Reached ** piety under Nemelex Xobeh
 11211 | D:9      | Found a hide-covered altar of Uskayaw.
 11214 | D:9      | Found a shadowy altar of Dithmenos.
 11484 | D:9      | Found a radiant altar of Vehumet.
 11495 | D:9      | Reached XP level 10. HP: 70/70 MP: 3/16
 11590 | D:9      | Received a gift from Nemelex Xobeh
 11720 | D:9      | Noticed Erica
 11892 | D:9      | Killed Erica
 11892 | D:9      | Reached skill level 1 in Summonings
 12164 | D:9      | Noticed Psyche
 12176 | D:9      | Killed Psyche
 12185 | D:9      | Noticed a two-headed ogre
 12193 | D:9      | Killed a two-headed ogre
 12193 | D:9      | Reached skill level 11 in Ice Magic
 12804 | D:10     | Entered Level 10 of the Dungeon
 13211 | D:10     | Found a sacrificial altar of Ru.
 13256 | D:10     | Got a pair of crude gloves
 13262 | D:10     | Identified the cursed -4 pair of gloves "Fyarhitro" {MR++} (You found it on level 10 of the Dungeon)
 13383 | D:10     | Reached *** piety under Nemelex Xobeh
 13776 | D:10     | Killed an unseen horror
 14134 | D:10     | Received a gift from Nemelex Xobeh
 14341 | D:11     | Reached XP level 11. HP: 70/78 MP: 8/17
 14503 | D:10     | Reached skill level 12 in Ice Magic
 14775 | D:11     | Found a staircase to the Lair.
 15348 | D:11     | Noticed a green ugly thing
 15359 | D:11     | Killed a green ugly thing
 15501 | D:11     | Reached **** piety under Nemelex Xobeh
 15501 | D:11     | Received a gift from Nemelex Xobeh
 15717 | D:11     | Found an ancient bone altar of Kikubaaqudgha.
 15887 | D:12     | Found a frozen archway.
 15986 | IceCv    | Entered an ice cave
 16730 | IceCv    | Reached skill level 5 in Fighting
 17549 | IceCv    | Killed a reaper
 18707 | IceCv    | Engulfed by a cloud of freezing vapour

Skill      XL: |  1  2  3  4  5  6  7  8  9 10 11 |
---------------+----------------------------------+-----
Ice Magic      | 3 4 5 6 8 10 11 12 | 12.9
Dodging        | 2 3 |  3.0
Spellcasting   | 3 4 |  4.3
Fighting       | 1 2 3 4 5 |  5.2
Armour         | 1 2 3 |  3.1
Charms         | 1 2 3 |  3.4
Invocations    | 2 5 7 |  7.4
Conjurations   | 2 3 |  3.4
Summonings     | 2 3 |  3.0
Long Blades    | |  0.7
Maces & Flails | |  0.6
Staves         | |  0.1
Stealth        | |  1.7
Necromancy     | |  0.9

Action                   |  1- 3 |  4- 6 |  7- 9 | 10-12 || total
-------------------------+-------+-------+-------+-------++-------
Melee: Unarmed           |    14 |       |       |       ||    14
       Dagger            |    34 |       |       |       ||    34
       Short sword       |    53 |    62 |   165 |       ||   280
       Kick              |    10 |    24 |    22 |       ||    56
       Staff             |       |    57 |    21 |     5 ||    83
       Falchion          |       |       |   159 |       ||   159
       Mace              |       |       |    40 |    21 ||    61
       Scimitar          |       |       |       |   259 ||   259
 Cast: Freeze            |    51 |    81 |   110 |    43 ||   285
       Ozocubu's Armour  |       |     7 |    22 |    17 ||    46
       Summon Ice Beast  |       |     2 |    10 |    31 ||    43
       Throw Icicle      |       |       |    13 |    43 ||    56
       Regeneration      |       |       |       |    11 ||    11
Evoke: Deck              |       |       |    15 |    28 ||    43
  Use: Scroll            |       |    14 |    12 |     5 ||    31
       Potion            |       |     2 |     3 |     8 ||    13
 Stab: Sleeping          |     3 |       |     1 |     1 ||     5
       Distracted        |       |     1 |     2 |     3 ||     6
  Eat: Chunk             |     4 |    12 |    19 |    22 ||    57
       Ration            |       |       |     3 |     5 ||     8
Armor: Robe              |    14 |       |       |       ||    14
       Leather armour    |    39 |    65 |   207 |   243 ||   554
Dodge: Dodged            |   101 |    97 |   315 |   289 ||   802
Block: Other             |       |       |    12 |       ||    12
       Rpst.: Falchion   |       |       |    53 |       ||    53
       Scimitar          |       |       |       |    79 ||    79
